 Dungeon Crawl Stone Soup version 0.28-a0-464-g0687ed57fd (webtiles) character file.

Game seed: 16286161001840830750

91 MacCMillion the Poker (level 4, -1/37 HPs)
             Began as a Merfolk Fighter on Sept 14, 2021.
             Was a Follower of Ru.
             Slain by Sigmund (6 damage)
             ... on level 2 of the Dungeon.
             The game lasted 00:04:24 (2085 turns).

MacCMillion the Poker (Merfolk Fighter)             Turns: 2085, Time: 00:04:25

Health: -1/37      AC:  9    Str: 17    XL:     4   Next: 59%
Magic:  4/4        EV: 11    Int:  7    God:    Ru [*.....]
Gold:   54         SH:  5    Dex: 13    Spells: 3/3 levels left

rFire   . . .      SeeInvis .   a - +0 trident
rCold   . . .      Faith    .   c - +0 buckler
rNeg    . . .      Spirit   .   k - +0 chain mail
rPois   .          Reflect  .   n - +0 helmet
rElec   .          Harm     .   (no cloak)
rCorr   .          Rampage  .   (no gloves)
Will    .....                   (no boots)
Stlth   ..........              (no amulet)
HPRegen 0.12/turn               j - +4 ring of evasion
MPRegen 0.09/turn               (no ring)

@: no status effects
A: no conjurations magic, no hexes magic, no poison magic, (nimble swimmer 2),
mertail
a: Renounce Religion


You were on level 2 of the Dungeon.
You worshipped Ru.
Ru was aware of your devotion.
You visited 1 branch of the dungeon, and saw 2 of its levels.

You collected 54 gold pieces.

Inventory:

Hand Weapons
 a - a +0 trident (weapon)
Armour
 b - a +0 scale mail
 c - a +0 buckler (worn)
 k - a +0 chain mail (worn)
 n - a +0 helmet (worn)
Jewellery
 j - a +4 ring of evasion (left hand)
Scrolls
 f - a scroll of enchant armour {unknown}
 h - a scroll of blinking {unknown}
 i - a scroll of immolation {unknown}
Potions
 d - a potion of might
 e - 2 potions of lignification {unknown}
 g - 2 potions of brilliance {unknown}
 l - a potion of attraction {unknown}
 m - 2 potions of heal wounds {unknown}


   Skills:
 + Level 3.9 Fighting
 + Level 4.9 Polearms
 - Level 2.1 Armour
 + Level 1.1 Dodging
 * Level 3.7 Shields


You had 3 spell levels left.
You didn't know any spells.
Your spell library contained the following spells:

 Spells                   Type           Power      Damage    Failure   Level
 Call Imp                 Summ           0%         N/A       100%        2
 Gell's Gravitas          Tloc           0%         N/A       100%        3
 Lesser Beckoning         Tloc           0%         N/A       100%        3
 Teleport Other           Tloc           0%         N/A       100%        3
 Magic Dart               Conj           Unusable   1d3       N/A         1
 Mephitic Cloud           Conj/Pois/Air  Unusable   N/A       N/A         3

Dungeon Overview and Level Annotations

Branches:
Dungeon (2/15)

Altars:
Ru

Shops:
D:2 [

Annotations:
D:2 Sigmund


Innate Abilities, Weirdness & Mutations

You cannot study or cast Conjurations magic.
You cannot study or cast Hexes magic.
You cannot study or cast Poison magic.
((You are quick and stealthy near water. (Stealth+, EV+, Speed+++)))
Your lower body shifts to a powerful aquatic tail in water.


Message History

Sigmund shouts!
Sigmund drinks a potion.
Sigmund flickers and vanishes!
Deactivating autopickup; reactivate with Ctrl-A.
No target in view!
No target in view!
No target in view!
Unknown command.
No target in view!
A ball python comes into view.
The ball python hisses angrily.
Something hits you but does no damage.
The ball python bites you but does no damage.
The ball python barely misses you.
You puncture the ball python!
You kill the ball python!
Something hits you.
You miss something. Something hits you. Something hits you.
No target in view!
Something completely misses you. Something hits you.
You barely miss something. You closely miss something. Something hits you.
You miss something.
You hear some strange, mumbled words.
A puff of flame appears from out of thin air!
The puff of flame hits you.
You hit something. You block something's attack.
You closely miss something. You miss something.
You hear some strange, mumbled words.
A puff of flame appears from out of thin air!
The puff of flame hits you but does no damage.
You closely miss something. Something hits you but does no damage.
You barely miss something. Something hits you.
You miss something. Something hits you!
* * * LOW HITPOINT WARNING * * *
You puncture something! Something hits you.
You die...

#....##.......#
#...∩.........#
..##..........#
.###..##....###
####..####.)#### #
########.÷..### #
###.##...#### ####
#...####....# ...##
###.### #@...#
....###...# #....#
.#........# #.{..#
..##....#.# ......#
#.###..##.# ...#....#
#.#....##)##.###....#
#...#.##..##.# ######
##..#....#...#
##..#......###


There were no monsters in sight!

Vanquished Creatures
  Jessica (D:2)
  Robin (D:2)
  A dart slug (D:1)
  7 bats
  3 endoplasms
  A giant cockroach (D:1)
  13 goblins
  5 hobgoblins
  6 kobolds (D:1)
  2 quokkas (D:2)
  2 ball pythons
  2 frilled lizards (D:1)
  4 rats (D:1)
48 creatures vanquished.

Notes
Turn   | Place    | Note
-------+----------+-------------------------------------------
     0 | D:1      | MacCMillion the Merfolk Fighter began the quest for the
                  | Orb.
     0 | D:1      | Reached XP level 1. HP: 18/18 MP: 1/1
   360 | D:1      | Reached XP level 2. HP: 24/24 MP: 2/2
   463 | D:1      | Found a faded altar of an unknown god.
   468 | D:1      | Became a worshipper of Ru the Awakened
   473 | D:1      | Gained mutation: You cannot study or cast Poison magic. [Ru
                  | sacrifice]
   473 | D:1      | Gained mutation: You cannot study or cast Hexes magic. [Ru
                  | sacrifice]
   473 | D:1      | Gained mutation: You cannot study or cast Conjurations
                  | magic. [Ru sacrifice]
   473 | D:1      | Reached * piety under Ru
   878 | D:1      | Reached XP level 3. HP: 29/30 MP: 3/3
  1407 | D:2      | Noticed Robin
  1615 | D:2      | Noticed Jessica
  1628 | D:2      | Killed Jessica
  1629 | D:2      | Reached skill level 4 in Polearms
  1629 | D:2      | Reached XP level 4. HP: 24/37 MP: 4/4
  1746 | D:2      | Found Ellewnefakh's Antique Armour Shoppe.
  1877 | D:2      | Reached skill level 1 in Dodging
  1896 | D:2      | Killed Robin
  2065 | D:2      | Noticed Sigmund
  2085 | D:2      | Slain by Sigmund

Illustrated notes

Levels and vault maps discovered:
D:1:      lemuel_arrival_tunnels, layout_basic, ebering_ecumenical_altar_mist,
          corexii_leaking_fountain
D:2:      layout_rooms, serial_shops, nicolae_square_shop, uniq_jessica,
          uniq_sigmund, uniq_robin

Skill      XL: |  1  2  3  4 |
---------------+-------------+-----
Polearms       | 4 |  4.9
Dodging        | 1 |  1.1
Fighting       | |  3.9
Armour         | |  2.1
Shields        | |  3.7

Action                   |  1- 3 |  4- 6 || total
-------------------------+-------+-------++-------
Melee: Trident           |   110 |    48 ||   158
Invok: Sacrifice Arcana  |     1 |       ||     1
Armor: Scale mail        |    31 |     2 ||    33
       Chain mail        |       |    13 ||    13
Dodge: Dodged            |    32 |    16 ||    48
Block: Buckler           |    26 |     4 ||    30

Table legend: (Time is in decaauts)
 A = Elapsed time spent in this place.
 B = Non-inter-level travel time spent in this place.
 C = Inter-level travel time spent in this place.
 D = Time resting spent in this place.
 E = Time spent auto-exploring this place.
 F = Levels seen in this place.
 G = Mean time per level.
                   A        B        C        D        E       F      G
               +--------+--------+--------+--------+--------+-----+--------+
         Total |   2106 |   2049 |     57 |    443 |   1266 |   2 | 1053.0 |
       Dungeon |   2106 |   2049 |     57 |    443 |   1266 |   2 | 1053.0 |
               +--------+--------+--------+--------+--------+-----+--------+

Top non-repeatable levels by time:
     D:1: 1589 daAuts
     D:2: 516 daAuts
